 Dungeon Crawl Stone Soup version 0.31-a0-182-gc5ef74bbde (webtiles) character file.

Game seed: 12101260940261777898

88 qw the Chopper (level 4, 0/28 HPs)
             Began as a Gargoyle Fighter on June 20, 2023.
             Slain by an orc
             ... wielding a +0 trident
              (3 damage)
             ... on level 3 of the Dungeon.
             The game lasted 00:01:06 (2370 turns).

qw the Chopper (Gargoyle Fighter)                   Turns: 2370, Time: 00:01:06

Health: 0/28       AC: 15    Str: 21      XL:     4   Next: 54%
Magic:  4/4        EV:  8    Int:  8 (9)  God:
Gold:   199        SH:  5    Dex: 14 (15) Spells: 3/3 levels left

rFire   . . .        Y - +0 war axe
rCold   . . .        c - +0 buckler
rNeg    + . .        h - +0 chain mail
rPois   inf          (no helmet)
rElec   +            n - +0 cloak
rCorr   .            (no gloves)
SInv    .            a - +0 pair of boots
Will    .....        (no amulet) Stlth
                     k - +6 ring of dexterity
HPRegen 0.24/turn    (no ring)
MPRegen 0.09/turn

%: no passive effects
@: no status effects
A: sickness immunity, AC +3, negative energy resistance 1, electricity
resistance, torment resistance 1, petrification resistance
a: no special abilities


You were on level 3 of the Dungeon.
You visited 1 branch of the dungeon, and saw 3 of its levels.

You collected 199 gold pieces.


Innate Abilities, Weirdness & Mutations

You are immune to sickness and miasma.
Your stone body is resilient. (AC +3)
You are immune to poison.
You resist negative energy. (rN+)
You are resistant to electric shocks. (rElec)
You are resistant to unholy torment.
You are immune to petrification.


   Skills:
 - Level 3.2 Fighting
 + Level 4.0 Axes
 - Level 3.2 Armour
 - Level 1.0 Dodging
 - Level 3.2 Shields


You had 3 spell levels left.
You didn't know any spells.
Your spell library was empty.

Inventory:

Hand Weapons
 l - a +0 club
 Y - a +0 war axe (weapon)
Missiles
 m - 6 boomerangs (quivered)
Armour
 a - a +0 pair of boots (worn)
 c - a +0 buckler (worn)
 h - a +0 chain mail (worn)
 n - a +0 cloak (worn)
 o - a +0 plate armour
Jewellery
 k - a +6 ring of dexterity (left hand)
Scrolls
 b - a scroll of identify
 f - a scroll of acquirement {unknown}
 i - a scroll of fear {unknown}
Potions
 d - 3 potions of might
 e - a potion of curing {unknown}
 g - a potion of attraction {unknown}
 p - a potion of mutation {unknown}

Dungeon Overview and Level Annotations

Branches:
Dungeon (3/15)

Altars:

Shops:
D:1 ?


Message History

You hit the frilled lizard.
You kill the frilled lizard!
An orc comes into view. It is wielding a +0 trident.
2364 ||| FLEEEEING.
A quokka comes into view.
The endoplasm hits you but does no damage.
An orc comes into view. It is wielding a +0 flail.
You hit the endoplasm.
The endoplasm is heavily wounded.
The orc priest casts a cantrip, but nothing happens.
The endoplasm freezes you.
You are frozen.
2367 ||| DRINKING potion of heal wounds.
You feel much better. The endoplasm freezes you.
You are frozen.
The orc priest looks braver for a moment.
The orc wizard mumbles some strange words.
The orc wizard flickers and vanishes!
Deactivating autopickup; reactivate with Ctrl-A.
You slash the endoplasm!
You kill the endoplasm!
The orc priest invokes the aid of Beogh against you.
Beogh smites you!
Ouch! That really hurt!
You block the orc wizard's attack.
You feel your strength returning.
Your Dodging skill increases to level 1!
You hit the orc wizard.
The orc wizard is moderately wounded.
You miss something. Something hits you.
The orc hits you from afar with a +0 trident.
The orc wizard barely misses you.
You closely miss the orc wizard.
The orc wizard is moderately wounded.
You miss something. Something completely misses you.
You block the orc wizard's attack.
The orc hits you from afar with a +0 trident.
You die...

##### #...# #...# #...#
. #...#
....#.%.################
...r.oo@................
....#oo.################
... ##### . #<... #
#.... ##.#.... ...#....
#.#....


You could see an orc priest, an orc wizard, 2 orcs and a quokka.

Vanquished Creatures
  2 adders (D:2)
  An ufetubus (D:3)
  2 worms (D:2)
  A dart slug (D:1)
  3 ball pythons (D:1)
  7 bats
  7 endoplasms
  3 giant cockroaches
  5 goblins
  5 hobgoblins
  2 jackals (D:3)
  5 kobolds
  3 frilled lizards
  5 rats
51 creatures vanquished.

Notes
Turn   | Place    | Note
-------+----------+-------------------------------------------
     0 | D:1      | qw the Gargoyle Fighter began the quest for the Orb.
     0 | D:1      | Reached XP level 1. HP: 14/14 MP: 1/1
     0 | D:1      | 0 ||| qw: Version: 0.3-a-9-g12657ce
     0 | D:1      | 0 ||| qw: Game counter: 1453
     0 | D:1      | 0 ||| qw: Always use a shield: true
     0 | D:1      | 0 ||| qw: God list: Okawaru
     0 | D:1      | 0 ||| qw: Allow faded altars: false
     0 | D:1      | 0 ||| qw: Do Orc after D:15 true
     0 | D:1      | 0 ||| qw: Do second Lair branch before Depths: true
     0 | D:1      | 0 ||| qw: Lair rune preference: random
     0 | D:1      | 0 ||| qw: Plans: Normal, Zot:1-4, Slime:5, God:TSO, Crypt,
                  | Tomb, Abyss, Pan, Hells, Win
     0 | D:1      | 0 ||| PLANNING D:1-11
    17 | D:1      | Reached skill level 2 in Axes
    26 | D:1      | Found Ykhuiwe's Magic Scroll Emporium.
    62 | D:1      | 62 ||| SHOPLISTING scroll of enchant armour (90 gold, have
                  | 0).
    62 | D:1      | 62 ||| SHOPLISTING scroll of identify (24 gold, have 0).
    62 | D:1      | 62 ||| Stepping ~*~*~tactically~*~*~ (hiding).
    63 | D:1      | 63 ||| Stepping ~*~*~tactically~*~*~ (hiding).
   149 | D:1      | Reached XP level 2. HP: 19/19 MP: 2/2
   358 | D:1      | Found a faded altar of an unknown god.
   398 | D:1      | 398 ||| Stepping ~*~*~tactically~*~*~ (hiding).
   734 | D:1      | 734 ||| UPGRADING to +0 chain mail.
   744 | D:1      | 744 ||| DROPPING +0 scale mail.
   745 | D:1      | 745 ||| UPGRADING to +6 ring of dexterity.
   746 | D:1      | 746 ||| READING 2 scrolls labelled UXZUBE FEGI.
   747 | D:1      | 747 ||| READING scroll labelled BANEFF CUONU.
   748 | D:1      | 748 ||| READING scroll labelled HUBRAUFFAO.
   751 | D:1      | 751 ||| READING scroll labelled ZIAVIXOVI.
   752 | D:1      | 752 ||| DROPPING scroll of revelation.
   792 | D:2      | 792 ||| Stepping ~*~*~tactically~*~*~ (stealth).
   812 | D:2      | Reached skill level 3 in Axes
   812 | D:2      | 812 ||| Stepping ~*~*~tactically~*~*~ (stealth).
   827 | D:2      | Reached XP level 3. HP: 23/23 MP: 3/3
  1131 | D:2      | 1131 ||| Stepping ~*~*~tactically~*~*~ (hiding).
  1137 | D:2      | Reached XP level 4. HP: 28/28 MP: 4/4
  1884 | D:2      | 1884 ||| UPGRADING to +0 pair of boots.
  1889 | D:2      | 1889 ||| UPGRADING to +0 cloak.
  1894 | D:2      | 1894 ||| READING 2 scrolls labelled EBYMOS ZIFYIP.
  1895 | D:2      | 1895 ||| READING scroll labelled LEGRAI NUHOTZIFI.
  1896 | D:2      | 1896 ||| READING scroll labelled VICSOSABIDGH.
  1897 | D:2      | 1897 ||| READING scroll labelled INGUJUMATU.
  1915 | D:2      | 1915 ||| READING scroll labelled RUIPYA JA MUEMM.
  1916 | D:2      | 1916 ||| DRINKING 2 white potions.
  1917 | D:2      | 1917 ||| DRINKING 2 blue potions.
  1918 | D:2      | 1918 ||| DROPPING potion of degeneration.
  2046 | D:3      | Reached skill level 4 in Axes
  2358 | D:3      | 2358 ||| Stepping ~*~*~tactically~*~*~ (hiding).
  2359 | D:3      | 2359 ||| Stepping ~*~*~tactically~*~*~ (hiding).
  2364 | D:3      | 2364 ||| FLEEEEING.
  2366 | D:3      | HP: 6/28 [frozen (5)]
  2367 | D:3      | 2367 ||| DRINKING potion of heal wounds.
  2369 | D:3      | Reached skill level 1 in Dodging
  2370 | D:3      | Slain by an orc

Levels and vault maps discovered:
D:1:      psy_arrival_spokes, layout_basic, serial_shops, shop,
          basic_ecumenical_altar
D:2:      layout_loops_corners, minmay_split_cup_small
D:3:      layout_basic, minmay_joined_circles

Skill      XL: |  1  2  3  4 |
---------------+-------------+-----
Axes           | 2 3 4 |  4.0
Dodging        | 1 |  1.0
Fighting       | |  3.2
Armour         | |  3.2
Shields        | |  3.2

Action                     |  1- 3 |  4- 6 || total
---------------------------+-------+-------++-------
  Melee: War axe           |    79 |    68 ||   147
  Throw: Boomerang         |       |     5 ||     5
    Use: Scroll            |     4 |     5 ||     9
         Potion            |       |     3 ||     3
 Armour: Scale mail        |     6 |       ||     6
         Chain mail        |    25 |    37 ||    62
  Dodge: Dodged            |    25 |    18 ||    43
  Block: Buckler           |    22 |    19 ||    41

Table legend:
 A = Non-vault XP
 B = Vault XP
 C = Vault XP percentage of total XP
 D = Non-vault monster count
 E = Vault monster count
 F = Vault count percentage of total count
                 A         B        C        D         E       F
            +---------+---------+-------+---------+---------+-------
      Total |      98 |      29 |  22.8 |      40 |      11 |  21.6
            +---------+---------+-------+---------+---------+-------
        D:1 |      25 |       0 |   0.0 |      12 |       0 |   0.0
        D:2 |      56 |       9 |  13.8 |      18 |       3 |  14.3
        D:3 |      17 |      20 |  54.1 |      10 |       8 |  44.4
            +---------+---------+-------+---------+---------+-------
